General information
			
			
        
        - name: BNet
 
        - type: Ladder team game (AT/RT)
 
        - host: Battle.net
 
        - saver: MrFrosty
 
        
map: TranquilPaths 
        - players: 4
 
        - length: 63:02
 
        - speed: Fast
 - version: 1.22 W3XP
 - replay type:  Public
 
» download(413 KB)
Players
        team 1 (winner) 
              
              
kunt.roII (
green | 100 APM | 6281 actions | 63:01)
              
 8 Blademaster 
 3 Wind Walk
 3 Critical Strike
 1 Bladestorm
 1 Mirror Image
 7 Shadow Hunter 
 3 Healing Wave
 3 Hex
 1 Big Bad Voodoo
 
                » actions 
                
                | Assign group hotkey | 288 |  | 
| Basic commands | 72 |  | 
| Build / train | 144 |  | 
| ESC pressed | 7 |  | 
| Enter build submenu | 65 |  | 
| Enter hero's abilities submenu | 15 |  | 
| Give item / drop item | 11 |  | 
| Remove unit from queue | 2 |  | 
| Right click | 2651 |  | 
| Select / deselect | 619 |  | 
| Select group hotkey | 2008 |  | 
| Use ability | 397 |  | 
                6281 total
 » units 
                
                | Peon | 39 |  | 
| Troll Batrider | 24 |  | 
| Goblin Zeppelin | 2 |  | 
| Wind Rider | 8 |  | 
                73 total
 » upgrades
                
                | Ranged Weapons | 3 |  | 
| Liquid Fire | 1 |  | 
| Reinforced Defenses | 1 |  | 
| Armor | 2 |  | 
| Envenomed Spears | 1 |  | 
                8 total
 » buildings
                
                | Altar of Storms | 1 |  | 
| Orc Burrow | 6 |  | 
| War Mill | 1 |  | 
| Voodoo Lounge | 1 |  | 
| Watch Tower | 47 |  | 
| Stronghold | 2 |  | 
| Fortress | 2 |  | 
| Beastiary | 2 |  | 
| Great Hall | 5 |  | 
                67 total
 » build order
                00:06 Altar of Storms
00:10 Orc Burrow
00:41 War Mill
01:13 Orc Burrow
01:55 Voodoo Lounge
02:10 Watch Tower
02:42 Watch Tower
03:18 Watch Tower
03:43 Stronghold
03:43 Stronghold
04:25 Watch Tower
04:33 Watch Tower
05:14 Watch Tower
05:30 Watch Tower
06:04 Fortress
06:05 Fortress
06:17 Beastiary
06:19 Beastiary
06:23 Orc Burrow
06:31 Orc Burrow
09:57 Watch Tower
09:58 Watch Tower
17:54 Watch Tower
17:56 Watch Tower
20:03 Watch Tower
20:52 Watch Tower
20:53 Watch Tower
20:54 Watch Tower
20:55 Watch Tower
20:56 Watch Tower
20:57 Watch Tower
21:59 Great Hall
22:00 Watch Tower
22:02 Watch Tower
22:02 Watch Tower
22:02 Watch Tower
22:07 Great Hall
22:12 Great Hall
22:14 Watch Tower
22:15 Watch Tower
23:19 Watch Tower
23:20 Watch Tower
29:42 Orc Burrow
29:43 Orc Burrow
35:14 Great Hall
51:30 Great Hall
55:07 Watch Tower
55:09 Watch Tower
55:12 Watch Tower
55:42 Watch Tower
55:43 Watch Tower
56:16 Watch Tower
56:22 Watch Tower
56:27 Watch Tower
57:26 Watch Tower
57:32 Watch Tower
57:43 Watch Tower
57:48 Watch Tower
58:40 Watch Tower
58:42 Watch Tower
58:48 Watch Tower
59:01 Watch Tower
60:07 Watch Tower
60:08 Watch Tower
61:25 Watch Tower
61:40 Watch Tower
61:44 Watch Tower
» items
                
                | Staff of Teleportation | 2 |  | 
| Boots of Speed | 2 |  | 
| Lesser Clarity Potion | 9 |  | 
| Healing Salve | 4 |  | 
| Scroll of Speed | 2 |  | 
| Orb of Lightning | 6 |  | 
| Circlet of Nobility | 1 |  | 
| Potion of Lesser Invulnerability | 3 |  | 
| Staff of Sanctuary | 2 |  | 
| Tiny Great Hall | 2 |  | 
| Potion of Healing | 1 |  | 
| Potion of Mana | 1 |  | 
| Scroll of Town Portal | 1 |  | 
                36 total
  
               
              
              
MrFrosty (
red | 106 APM | 6708 actions | 63:02)
              
 7 Archmage 
 3 Blizzard
 3 Brilliance Aura
 1 Mass Teleport
 8 Blood Mage 
 3 Flame Strike
 3 Siphon Mana
 1 Banish
 1 Summon Phoenix
 
                » actions 
                
                | Assign group hotkey | 48 |  | 
| Basic commands | 211 |  | 
| Build / train | 127 |  | 
| ESC pressed | 2 |  | 
| Enter build submenu | 55 |  | 
| Enter hero's abilities submenu | 15 |  | 
| Give item / drop item | 8 |  | 
| Remove unit from queue | 2 |  | 
| Right click | 3272 |  | 
| Select / deselect | 814 |  | 
| Select group hotkey | 1679 |  | 
| Use ability | 472 |  | 
                6708 total
 » units 
                
                | Peasant | 15 |  | 
| Priest | 5 |  | 
| Dragonhawk Rider | 20 |  | 
| Sorceress | 4 |  | 
| Goblin Zeppelin | 2 |  | 
                46 total
 » upgrades
                
                | Masonry | 3 |  | 
| Magic Sentry | 1 |  | 
| Lumber Harvesting | 2 |  | 
| Sorceress Training | 2 |  | 
| Priest Training | 2 |  | 
| Cloud | 1 |  | 
| Animal War Training | 1 |  | 
| Armor | 3 |  | 
| Backpack | 1 |  | 
| Swords | 2 |  | 
                18 total
 » buildings
                
                | Altar of Kings | 1 |  | 
| Scout Tower | 57 |  | 
| Farm | 7 |  | 
| Arcane Tower | 11 |  | 
| Lumber Mill | 1 |  | 
| Guard Tower | 19 |  | 
| Keep | 1 |  | 
| Arcane Sanctum | 1 |  | 
| Gryphon Aviary | 1 |  | 
| Arcane Vault | 1 |  | 
| Castle | 1 |  | 
| Blacksmith | 1 |  | 
| Barracks | 1 |  | 
| Town Hall | 3 |  | 
                106 total
 » build order
                00:07 Altar of Kings
00:19 Scout Tower
00:21 Farm
00:54 Arcane Tower
01:01 Lumber Mill
01:27 Farm
01:40 Scout Tower
02:07 Guard Tower
02:11 Scout Tower
02:37 Arcane Tower
02:39 Scout Tower
03:24 Guard Tower
03:25 Scout Tower
04:20 Keep
04:25 Guard Tower
05:35 Farm
05:44 Scout Tower
05:45 Scout Tower
06:54 Arcane Sanctum
07:06 Farm
07:33 Gryphon Aviary
07:37 Arcane Vault
07:48 Scout Tower
07:49 Scout Tower
08:05 Scout Tower
08:46 Arcane Tower
08:47 Guard Tower
09:13 Guard Tower
10:25 Farm
12:05 Castle
12:08 Farm
12:09 Farm
13:32 Scout Tower
13:33 Scout Tower
13:34 Scout Tower
13:42 Scout Tower
13:43 Scout Tower
13:44 Scout Tower
14:21 Guard Tower
14:34 Arcane Tower
14:35 Guard Tower
14:59 Scout Tower
15:00 Guard Tower
15:11 Blacksmith
15:14 Barracks
16:16 Town Hall
17:46 Arcane Tower
17:48 Scout Tower
17:49 Scout Tower
18:44 Guard Tower
19:26 Scout Tower
19:26 Scout Tower
19:27 Scout Tower
19:55 Scout Tower
19:56 Scout Tower
20:00 Arcane Tower
20:01 Guard Tower
20:52 Guard Tower
22:50 Scout Tower
22:51 Scout Tower
22:52 Scout Tower
22:52 Scout Tower
26:41 Guard Tower
28:02 Scout Tower
28:05 Scout Tower
28:06 Scout Tower
28:07 Scout Tower
28:10 Scout Tower
28:11 Scout Tower
28:12 Scout Tower
28:13 Scout Tower
28:14 Scout Tower
28:14 Scout Tower
28:17 Scout Tower
28:17 Scout Tower
28:39 Guard Tower
29:25 Guard Tower
29:32 Scout Tower
29:32 Scout Tower
29:34 Scout Tower
29:35 Scout Tower
29:36 Scout Tower
31:18 Arcane Tower
31:19 Guard Tower
31:22 Arcane Tower
31:23 Guard Tower
34:58 Scout Tower
35:28 Arcane Tower
35:35 Scout Tower
35:37 Scout Tower
35:38 Scout Tower
35:39 Scout Tower
35:42 Scout Tower
35:45 Scout Tower
35:45 Scout Tower
36:17 Arcane Tower
36:19 Arcane Tower
37:41 Guard Tower
46:55 Town Hall
54:59 Scout Tower
54:59 Scout Tower
55:00 Scout Tower
55:01 Scout Tower
55:31 Guard Tower
61:29 Guard Tower
62:56 Town Hall
» items
                
                | Staff of Teleportation | 2 |  | 
| Boots of Speed | 2 |  | 
| Healing Salve | 1 |  | 
| Staff of Sanctuary | 2 |  | 
| Periapt of Vitality | 1 |  | 
| Orb of Lightning | 1 |  | 
| Potion of Mana | 1 |  | 
| Scroll of Town Portal | 2 |  | 
                12 total
  
               team 2 (loser) 
              
              
deWb (
pink | 122 APM | 7664 actions | 62:58)
              
 8 Archmage 
 3 Summon Water Elemental
 3 Brilliance Aura
 1 Mass Teleport
 1 Blizzard
 5 Mountain King 
 3 Storm Bolt
 2 Bash
 4 Paladin 
 2 Holy Light
 2 Divine Shield
 
                » actions 
                
                | Assign group hotkey | 148 |  | 
| Basic commands | 622 |  | 
| Build / train | 272 |  | 
| ESC pressed | 5 |  | 
| Enter build submenu | 130 |  | 
| Enter hero's abilities submenu | 16 |  | 
| Give item / drop item | 20 |  | 
| Remove unit from queue | 3 |  | 
| Right click | 2812 |  | 
| Select / deselect | 1530 |  | 
| Select group hotkey | 1514 |  | 
| Use ability | 591 |  | 
                7664 total
 » units 
                
                | Peasant | 68 |  | 
| Footman | 4 |  | 
| Sorceress | 2 |  | 
| Priest | 9 |  | 
| Rifleman | 5 |  | 
| Goblin Shredder | 1 |  | 
| Mortar Team | 10 |  | 
| Goblin Zeppelin | 8 |  | 
| Dragonhawk Rider | 12 |  | 
| Gryphon Rider | 1 |  | 
| Siege Engine | 7 |  | 
                127 total
 » upgrades
                
                | Masonry | 3 |  | 
| Lumber Harvesting | 1 |  | 
| Long Rifles | 1 |  | 
| Priest Training | 2 |  | 
| Sorceress Training | 2 |  | 
| Flare | 1 |  | 
| Fragmentation Shards | 1 |  | 
| Magic Sentry | 1 |  | 
| Barrage | 1 |  | 
| Gunpowder | 1 |  | 
| Swords | 3 |  | 
| Plating | 1 |  | 
| Armor | 3 |  | 
| Storm Hammers | 1 |  | 
| Cloud | 1 |  | 
                23 total
 » buildings
                
                | Altar of Kings | 2 |  | 
| Barracks | 2 |  | 
| Farm | 13 |  | 
| Scout Tower | 92 |  | 
| Arcane Tower | 1 |  | 
| Arcane Vault | 1 |  | 
| Lumber Mill | 1 |  | 
| Keep | 1 |  | 
| Town Hall | 5 |  | 
| Guard Tower | 64 |  | 
| Arcane Sanctum | 2 |  | 
| Blacksmith | 1 |  | 
| Workshop | 1 |  | 
| Castle | 2 |  | 
| Gryphon Aviary | 6 |  | 
                194 total
 » build order
                00:10 Altar of Kings
00:20 Barracks
00:20 Farm
00:22 Barracks
00:23 Farm
00:50 Farm
01:35 Farm
02:29 Scout Tower
03:04 Arcane Tower
03:22 Arcane Vault
03:28 Lumber Mill
04:36 Keep
04:38 Farm
04:39 Farm
05:01 Farm
05:33 Town Hall
05:37 Scout Tower
05:38 Scout Tower
05:41 Scout Tower
05:44 Scout Tower
05:46 Scout Tower
06:12 Guard Tower
06:12 Guard Tower
06:13 Guard Tower
06:15 Farm
06:18 Guard Tower
07:55 Scout Tower
08:00 Scout Tower
08:21 Scout Tower
08:25 Scout Tower
08:48 Guard Tower
08:49 Guard Tower
09:00 Guard Tower
09:00 Guard Tower
09:51 Arcane Sanctum
09:57 Blacksmith
10:07 Farm
10:32 Town Hall
10:33 Scout Tower
10:34 Scout Tower
10:35 Scout Tower
10:43 Town Hall
11:44 Scout Tower
11:45 Scout Tower
11:48 Scout Tower
11:49 Scout Tower
11:55 Workshop
12:17 Guard Tower
12:35 Guard Tower
12:38 Scout Tower
12:39 Scout Tower
13:03 Scout Tower
13:04 Scout Tower
13:10 Guard Tower
13:12 Scout Tower
13:14 Scout Tower
13:14 Scout Tower
13:16 Scout Tower
13:19 Scout Tower
13:43 Arcane Sanctum
13:45 Scout Tower
13:46 Scout Tower
14:07 Guard Tower
14:07 Guard Tower
14:08 Guard Tower
14:08 Guard Tower
14:12 Scout Tower
14:14 Scout Tower
14:15 Scout Tower
14:18 Scout Tower
14:20 Scout Tower
14:23 Scout Tower
14:25 Scout Tower
14:33 Guard Tower
14:35 Guard Tower
14:35 Guard Tower
14:36 Guard Tower
14:38 Scout Tower
14:39 Scout Tower
14:42 Scout Tower
14:42 Scout Tower
14:44 Scout Tower
14:54 Castle
14:54 Castle
15:11 Guard Tower
15:12 Guard Tower
15:17 Scout Tower
15:18 Scout Tower
16:12 Guard Tower
16:14 Guard Tower
16:22 Scout Tower
16:24 Scout Tower
16:25 Scout Tower
16:27 Scout Tower
16:30 Scout Tower
16:37 Scout Tower
16:38 Scout Tower
16:39 Scout Tower
16:40 Scout Tower
16:48 Scout Tower
16:56 Guard Tower
16:56 Guard Tower
16:57 Guard Tower
17:08 Guard Tower
17:10 Farm
17:11 Farm
17:15 Guard Tower
17:23 Scout Tower
17:24 Scout Tower
17:43 Town Hall
18:03 Guard Tower
18:03 Guard Tower
18:04 Guard Tower
18:21 Town Hall
18:27 Scout Tower
18:38 Guard Tower
19:16 Scout Tower
19:18 Guard Tower
19:25 Guard Tower
19:40 Scout Tower
19:41 Scout Tower
20:15 Guard Tower
20:18 Scout Tower
20:20 Scout Tower
20:22 Scout Tower
20:26 Guard Tower
20:29 Scout Tower
20:31 Scout Tower
20:34 Guard Tower
20:37 Scout Tower
20:39 Scout Tower
20:42 Scout Tower
20:50 Guard Tower
20:50 Guard Tower
20:51 Guard Tower
21:18 Guard Tower
21:36 Guard Tower
21:46 Guard Tower
21:47 Guard Tower
21:53 Farm
27:57 Gryphon Aviary
27:58 Gryphon Aviary
27:59 Gryphon Aviary
28:00 Gryphon Aviary
28:02 Gryphon Aviary
28:03 Gryphon Aviary
42:47 Scout Tower
42:48 Scout Tower
42:49 Scout Tower
42:51 Scout Tower
42:53 Scout Tower
43:15 Guard Tower
43:17 Guard Tower
43:18 Scout Tower
43:20 Scout Tower
43:22 Scout Tower
43:22 Guard Tower
43:25 Scout Tower
43:26 Scout Tower
43:44 Scout Tower
43:45 Scout Tower
43:48 Scout Tower
43:48 Scout Tower
44:00 Guard Tower
44:01 Guard Tower
44:02 Guard Tower
44:11 Guard Tower
44:16 Scout Tower
44:17 Guard Tower
44:19 Guard Tower
44:19 Guard Tower
44:40 Guard Tower
45:42 Guard Tower
45:51 Scout Tower
45:52 Scout Tower
45:54 Scout Tower
46:31 Guard Tower
46:32 Guard Tower
49:43 Farm
52:58 Scout Tower
52:58 Scout Tower
52:58 Scout Tower
56:01 Altar of Kings
56:08 Scout Tower
56:08 Scout Tower
56:10 Scout Tower
56:11 Scout Tower
56:12 Scout Tower
» items
                
                | Scroll of Town Portal | 2 |  | 
| Dust of Appearance | 1 |  | 
| Anti-magic Potion | 1 |  | 
| Scroll of Regeneration | 1 |  | 
| Lesser Clarity Potion | 4 |  | 
| Staff of Sanctuary | 2 |  | 
| Orb of Fire | 2 |  | 
| Boots of Speed | 3 |  | 
| Staff of Teleportation | 3 |  | 
| Periapt of Vitality | 1 |  | 
| Circlet of Nobility | 1 |  | 
| Potion of Invisibility | 1 |  | 
| Potion of Lesser Invulnerability | 1 |  | 
| Tome of Retraining | 1 |  | 
                24 total
  
               
              
              
kNox (
purple | 122 APM | 7664 actions | 63:00)
              
 7 Demon Hunter 
 3 Mana Burn
 3 Evasion
 1 Metamorphosis
 
                » actions 
                
                | Assign group hotkey | 111 |  | 
| Basic commands | 368 |  | 
| Build / train | 144 |  | 
| ESC pressed | 27 |  | 
| Enter build submenu | 45 |  | 
| Enter hero's abilities submenu | 7 |  | 
| Give item / drop item | 7 |  | 
| Right click | 3219 |  | 
| Select / deselect | 1708 |  | 
| Select group hotkey | 1700 |  | 
| Use ability | 326 |  | 
                7664 total
 » units 
                
                | Wisp | 53 |  | 
| Huntress | 1 |  | 
| Dryad | 6 |  | 
| Archer | 10 |  | 
| Goblin Zeppelin | 5 |  | 
| Mountain Giant | 2 |  | 
| Hippogryph | 4 |  | 
                81 total
 » upgrades
                
                | Ultravision | 1 |  | 
| Sentinel | 1 |  | 
| Druid of the Claw Training | 2 |  | 
| Nature's Blessing | 2 |  | 
| Hardened Skin | 1 |  | 
| Resistant Skin | 1 |  | 
| Improved Bows | 1 |  | 
| Marksmanship | 1 |  | 
| Well Spring | 1 |  | 
| Reinforced Hides | 3 |  | 
| Strength of the Wild | 1 |  | 
                15 total
 » buildings
                
                | Altar of Elders | 5 |  | 
| Moon Well | 17 |  | 
| Hunter's Hall | 3 |  | 
| Ancient of War | 1 |  | 
| Tree of Ages | 2 |  | 
| Ancient Protector | 3 |  | 
| Ancient of Lore | 2 |  | 
| Tree of Eternity | 3 |  | 
| Ancient of Wonders | 2 |  | 
| Tree of Life | 3 |  | 
| Ancient of Wind | 5 |  | 
                46 total
 » build order
                00:08 Altar of Elders
00:17 Moon Well
01:43 Hunter's Hall
01:48 Ancient of War
02:05 Moon Well
02:55 Tree of Ages
02:56 Tree of Ages
03:21 Ancient Protector
05:33 Ancient of Lore
05:35 Ancient of Lore
06:09 Tree of Eternity
06:10 Tree of Eternity
06:12 Ancient of Wonders
06:44 Ancient Protector
06:46 Ancient Protector
07:13 Moon Well
07:18 Moon Well
08:00 Moon Well
08:24 Tree of Eternity
10:09 Moon Well
15:17 Tree of Life
18:37 Ancient of Wonders
24:28 Moon Well
24:31 Moon Well
41:41 Tree of Life
42:50 Tree of Life
51:56 Moon Well
51:58 Moon Well
51:59 Moon Well
52:01 Moon Well
52:04 Moon Well
54:00 Ancient of Wind
54:01 Ancient of Wind
54:01 Ancient of Wind
55:05 Ancient of Wind
55:06 Ancient of Wind
55:09 Hunter's Hall
55:14 Moon Well
55:14 Moon Well
55:20 Moon Well
55:20 Moon Well
55:23 Hunter's Hall
56:58 Altar of Elders
57:01 Altar of Elders
60:24 Altar of Elders
60:56 Altar of Elders
» items
                
                | Boots of Speed | 4 |  | 
| Staff of Teleportation | 2 |  | 
| Scroll of Town Portal | 3 |  | 
| Staff of Preservation | 2 |  | 
| Potion of Healing | 2 |  | 
| Orb of Venom | 1 |  | 
                14 total
  
                Chat log
          (00:04 / Allies) MrFrosty: ugh
(00:11 / Allies) MrFrosty: these guys ALL THE TIME
(00:19 / Allies) kunt.roII: haha..i recognize knox..
(00:41 / Allies) MrFrosty: cant remember if they are good though
(00:47 / All) kunt.roII: gl hf
(00:50 / All) kunt.roII: manner game\
(00:52 / All) kNox: gg gl 
(01:02 / All) deWb: dont hack and ull get plenty of manner
(01:03 / All) deWb: :)
(01:05 / All) kunt.roII: : )
(01:30 / Allies) kunt.roII: what races
(01:32 / Allies) MrFrosty: hu elf
(01:37 / Allies) kunt.roII: ugh
(01:42 / Allies) MrFrosty: yah
(01:51 / Allies) MrFrosty: ugh im sneezing like crazy!!!
(02:00 / Allies) kunt.roII: wisps cout
(02:03 / Allies) MrFrosty: ok!
(02:35 / Allies) kunt.roII: elf running ur way?
(02:39 / Allies) MrFrosty: o
(02:49 / Allies) kunt.roII: hunts
(03:01 / Allies) kunt.roII: elf base blocked
(04:14 / Allies) MrFrosty: welp
(04:14 / Allies) kunt.roII: hurr
(05:05 / Allies) kunt.roII: oh jesus
(05:08 / All) kNox: lmao
(05:21 / Allies) MrFrosty: wot
(05:23 / Allies) kunt.roII: tower it?
(05:31 / Allies) MrFrosty: ok
(05:38 / Allies) MrFrosty: forced tp atleast
(05:40 / Allies) kunt.roII: but he is lucky!
(05:43 / Allies) kunt.roII: *miss*
(05:54 / Allies) kunt.roII: urgghhh
(07:17 / All) deWb: we wont
(07:19 / All) kunt.roII: :(
(07:20 / All) deWb: lose this type of game
(07:24 / All) deWb: plz next game?
(07:26 / All) deWb: =\
(07:31 / All) kunt.roII: :(
(07:44 / All) kNox: =/
(08:24 / Allies) kunt.roII: gold?
(08:26 / Allies) kunt.roII: for mass bato
(08:44 / All) deWb: =\
(08:46 / Allies) kunt.roII: t.t
(09:05 / Allies) MrFrosty: aped already
(09:16 / Allies) kunt.roII: not enough
(09:26 / Allies) MrFrosty: no but it will be annoying
(09:29 / Allies) kunt.roII: yeah
(09:42 / Allies) kunt.roII: hes towering
(09:42 / Allies) kunt.roII: ugh
(09:44 / Allies) MrFrosty: t t
(10:03 / Allies) kunt.roII: make take island as\ap\
(10:08 / Allies) MrFrosty: yeah
(10:38 / Allies) kunt.roII: tt
(10:52 / Allies) kunt.roII: scanned
(12:12 / Allies) kunt.roII: lol
(12:17 / Allies) MrFrosty: welp
(12:21 / Allies) kunt.roII: aye
(13:33 / Allies) kunt.roII: well delayed at least
(13:38 / Allies) kunt.roII: and he will make a ton more tower most likely
(13:53 / Allies) MrFrosty: lol
(13:55 / Allies) MrFrosty: revealed
(13:57 / Allies) kunt.roII: hahahahah
(14:00 / Allies) kunt.roII: right
(14:18 / Allies) MrFrosty: to be fair they possible could have seen my zepp
(15:56 / Allies) MrFrosty: hire something and ill tp over
(16:01 / Allies) kunt.roII: i got it
(16:10 / Allies) MrFrosty: that was me
(16:29 / Allies) kunt.roII: scan elf
(17:25 / Allies) MrFrosty: welp
(17:38 / Allies) kunt.roII: yeah.
(18:07 / Allies) MrFrosty: also shitty orb from my camp
(18:12 / Allies) kunt.roII: get mine
(18:12 / Allies) MrFrosty: uncrept
(19:13 / Allies) MrFrosty: give control
(19:13 / Allies) kunt.roII: awesome
(19:16 / Allies) MrFrosty: yeah
(20:11 / Allies) kunt.roII: i got an orb for u
(20:19 / Allies) MrFrosty: cool
(20:33 / Allies) kunt.roII: gonna go creep their red
(20:35 / Allies) MrFrosty: you want invuln pot?
(20:38 / Allies) kunt.roII: neg i got em
(20:41 / Allies) MrFrosty: welp
(21:07 / Allies) kunt.roII: scan elf main imo
(21:21 / Allies) kunt.roII: again
(23:49 / Allies) kunt.roII: welp.
(23:49 / Allies) MrFrosty: lol ofc
(24:03 / Allies) kunt.roII: can u tp
(24:05 / Allies) MrFrosty: yeah
(25:09 / Allies) MrFrosty: zepp
(26:17 / Allies) kunt.roII: gay
(26:29 / Allies) kunt.roII: oh fuck off dh
(26:35 / Allies) MrFrosty: fuck that i tped
(27:09 / Allies) kunt.roII: so i dunno what to do now..
(27:12 / Allies) MrFrosty: ugh
(27:14 / Allies) kunt.roII: we pretty much lost
(27:16 / Allies) kunt.roII: and i need to sleep
(27:19 / Allies) MrFrosty: welp
(27:27 / All) deWb: this is the point
(27:28 / All) deWb: u say gg
(27:29 / All) deWb: and leave
(27:31 / Allies) kunt.roII: and they havent really lost much at all this game
(27:33 / All) deWb: =\
(27:36 / Allies) kunt.roII: BUT they are fags
(27:36 / All) kNox: =/
(27:46 / Allies) MrFrosty: im going to draw this out as long as possible b/c they are fags
(27:52 / Allies) kunt.roII: ok
(27:55 / Allies) kunt.roII: gimme gold
(27:56 / Allies) kunt.roII: and ill stay
(28:08 / Allies) kunt.roII: mass towa
(28:14 / Allies) kunt.roII: \i need a zep asap
(29:06 / All) kNox: lmao
(29:08 / All) kunt.roII: :)
(29:08 / Allies) MrFrosty: owned pretty hard
(29:21 / Allies) MrFrosty: more?
(29:26 / Allies) kunt.roII: sure
(29:31 / Allies) kunt.roII: ill get wyvs or something
(29:34 / Allies) kunt.roII: and keep them behind towa
(29:40 / Allies) MrFrosty: ps
(29:51 / Allies) MrFrosty: o u got already?
(29:52 / Allies) kunt.roII: buy it for me tia
(30:02 / Allies) MrFrosty: what
(30:23 / All) kunt.roII: :)
(30:26 / All) kNox: hehe
(30:59 / Allies) kunt.roII: control
(31:07 / Allies) MrFrosty: oh wow i thought i did ages ago
(31:07 / Allies) kunt.roII: n mass gold if u can. . .
(35:00 / Allies) kunt.roII: slow
(35:22 / Allies) kunt.roII: scan m iddle?
(35:30 / Allies) kunt.roII: t.t
(35:57 / Allies) kunt.roII: should i even tower this
(35:58 / Allies) MrFrosty: yah
(35:59 / Allies) MrFrosty: no
(36:00 / Allies) MrFrosty: imo
(36:23 / Allies) kunt.roII: hurr
(36:25 / Allies) kunt.roII: did u scan that
(36:27 / Allies) MrFrosty: no
(36:28 / Allies) MrFrosty: lol
(37:00 / Allies) kunt.roII: figurd
(37:06 / Allies) kunt.roII: masss hawk
(37:25 / Allies) MrFrosty: ive got silence staff
(38:07 / Allies) MrFrosty: beta nvidia drivers have fucked up the shadowing on portraits
(38:10 / Allies) MrFrosty: whucg is cool
(38:16 / Allies) kunt.roII: O-o
(38:16 / Allies) MrFrosty: shit looks dumb as hell
(38:29 / Allies) MrFrosty: how do you manage to fuck up a game this old with new drivers
(38:36 / Allies) kunt.roII: i d k
(39:09 / Allies) MrFrosty: b
(39:46 / Allies) kunt.roII: o rly
(40:28 / Allies) kunt.roII: mm
(41:16 / Allies) kunt.roII: mana me
(41:20 / Allies) kunt.roII: nvm
(41:21 / Allies) kunt.roII: pally gone
(41:37 / Allies) kunt.roII: also wow that was more hawk that i thoguht he had
(41:40 / Allies) MrFrosty: yeah
(41:43 / Allies) MrFrosty: 100 food hawk imo
(41:51 / Allies) MrFrosty: and like 75% of it dead
(43:11 / Allies) kunt.roII: scan
(43:13 / Allies) kunt.roII: for mk incomin
(43:17 / Allies) MrFrosty: mk
(43:17 / Allies) kunt.roII: cool
(43:42 / Allies) kunt.roII: 10 g for pot
(44:25 / Allies) kunt.roII: need another island imo
(44:54 / Allies) kunt.roII: scan
(45:01 / Allies) MrFrosty: cant
(45:41 / Allies) MrFrosty: ill try for
(46:16 / Allies) kunt.roII: look for wisps
(46:21 / Allies) kunt.roII: elf dun have many now i imagine
(47:08 / Allies) kunt.roII: gold me and ill take this island
(47:16 / Allies) kunt.roII: gonna tiny hall it
(48:14 / Allies) kunt.roII: urgh
(48:20 / Allies) kunt.roII: oh comon
(48:29 / Allies) kunt.roII: should i put down the main or what
(48:33 / Allies) kunt.roII: is he still hanging out here
(48:33 / Allies) MrFrosty: dunno
(48:37 / Allies) kunt.roII: waiting to zep drop me?
(48:52 / Allies) kunt.roII: i dunno what to do
(48:57 / Allies) kunt.roII: il wait a lil
(49:24 / Allies) kunt.roII: ill go for it
(49:38 / Allies) MrFrosty: invis mk kiol
(49:52 / Allies) kunt.roII: hawks
(49:53 / Allies) kunt.roII: watch it
(51:26 / Allies) MrFrosty: did you see that invis bolt dodge
(51:27 / Allies) MrFrosty: lol
(51:29 / Allies) MrFrosty: tat was so close
(51:31 / Allies) kunt.roII: yeah
(51:33 / Allies) kunt.roII: that was awesome
(51:36 / Allies) MrFrosty: yah
(51:45 / Allies) MrFrosty: owning them pretty bad tbqh
(51:51 / Allies) kunt.roII: woot
(51:53 / Allies) MrFrosty: yeah
(51:54 / Allies) kunt.roII: keep harassing
(51:56 / Allies) kunt.roII: so they cant hit our expos
(52:02 / Allies) kunt.roII: im coming with blade to help
(52:10 / Allies) kunt.roII: UGH
(52:48 / Allies) MrFrosty: woot
(52:55 / Allies) kunt.roII: now u can save our expos
(52:58 / Allies) MrFrosty: yah
(53:35 / Allies) kunt.roII: ahhahaha
(53:59 / Allies) kunt.roII: looolin
(54:00 / Allies) MrFrosty: lolllll
(54:06 / Allies) MrFrosty: pally
(54:33 / Allies) MrFrosty: just dont let him teleport
(54:43 / Allies) kunt.roII: if he wasnt dum
(54:47 / Allies) kunt.roII: he could have
(54:53 / Allies) kunt.roII: build towa imo
(55:04 / Allies) MrFrosty: he tped in at first
(55:07 / Allies) kunt.roII: ah
(55:09 / Allies) MrFrosty: unit by unit
(55:16 / Allies) kunt.roII: i tower up my expos now
(55:17 / Allies) MrFrosty: didnt ahve mass maybe?
(55:30 / Allies) kunt.roII: sh is pretty pro vs better opponents
(55:49 / Allies) kunt.roII: lol
(57:18 / Allies) kunt.roII: lol?
(57:38 / All) kunt.roII: sory i think u ned more practyice @ this strat..t. .
(57:48 / Allies) MrFrosty: lvl 3 drain
(57:50 / Allies) MrFrosty: so far
(57:52 / Allies) MrFrosty: fast
(57:52 / Allies) kunt.roII: haha
(57:55 / All) kunt.roII:  ? ?
(57:57 / All) kNox: well your just pro at gaying
(57:58 / All) deWb: ask for manner game and do stupid fucking shit
(58:04 / All) kunt.roII: manner up plz
(58:07 / All) deWb: manner up?
(58:08 / All) MrFrosty: "now its time to quit"
(58:10 / All) deWb: fuck a goat kid
(58:11 / All) MrFrosty: lots of manner there
(58:13 / All) deWb: fuck a goat
(58:16 / All) kunt.roII: i can actually
(58:20 / All) kunt.roII: im in washington its legal
(58:26 / All) deWb: sure thing
(58:36 / All) MrFrosty: yo more hippos
(58:53 / All) MrFrosty: no?
(58:54 / All) MrFrosty: no more?
(59:01 / All) kNox: nice manner
(59:09 / All) MrFrosty: nice micro NOT
(59:11 / All) MrFrosty: -borat
(59:13 / All) kunt.roII: : )
(59:17 / All) kNox: funny
(59:26 / Allies) kunt.roII: altar
(61:36 / Allies) kunt.roII: ill stay here u can mass
(62:04 / Allies) MrFrosty: and u wanted to quit
(62:07 / All) kunt.roII: haha yeah
(62:14 / Allies) kunt.roII: i am pretty tired tho ;_;
(62:16 / Allies) MrFrosty: yah
(62:55 / All) deWb: Even trash has to win sometimes
(63:00 / All) MrFrosty: when do you win?